Map: Graystone Ravine

Players

Clementte - Winner!

  • Race: Terran Terran
  • Spawn Location: 3:00

Boit - Winner!

  • Race: Terran Terran
  • Spawn Location: 5:00

Nyck

  • Race: Terran Terran
  • Spawn Location: 11:00

Ekelpack

  • Race: Zerg Zerg
  • Spawn Location: 9:00

VOD

Have the link to the VOD?

Description

Time

  • Played on: Aug. 20, 2024, 1:46 p.m.
  • Length: 16:37
Show
View Real Time Build Order
Export as new Build Order

Clementte Terran - Winner!

Build Orders: Mech 

Get SALT Encoding   

  12  0:00  SCV  
  13  0:12  SCV  
  14  0:22  Supply Depot  
  14  0:24  SCV  
  15  0:46  Barracks  
  15  0:49  SCV  
  16  0:53  Supply Depot  
  16  0:59  Supply Depot  
  16  1:04  SCV  
  17  1:16  SCV  
  18  1:22  Barracks  
  18  1:49  Marine  
  18  2:16  Marine  
  18  2:17  Marine  
  20  2:27  Orbital Command  
  20  2:34  Marine x2  
  20  2:35  Refinery x2  
  22  2:42  Command Center  
  22  2:46  Refinery  
  22  2:52  Marine  
  23  3:09  Refinery  
  23  3:15  Bunker  
  23  3:22  Supply Depot  
  23  3:43  SCV, Marine x2  
  23  3:44  Supply Depot  
  26  3:52  Bunker  
  26  3:55  Orbital Command, SCV  
  27  4:07  Supply Depot, SCV  
  28  4:17  Factory  
  28  4:23  Engineering Bay  
  28  4:40  SCV x2  
  30  4:52  SCV  
  31  4:53  SCV  
  31  4:56  Sensor Tower  
  32  5:04  SCV  
  32  5:05  SCV  
  34  5:17  SCV, Hi-Sec Auto Tracking  
  35  5:22  Missile Turret x3  
  35  5:25  Missile Turret  
  35  5:33  Factory Tech Lab  
  35  5:44  Missile Turret  
  35  5:50  Missile Turret  
  35  5:51  SCV x2  
  35  5:53  Armory  
  37  6:03  SCV x2  
  39  6:09  Widow Mine  
  41  6:15  SCV x2  
  41  6:17  Neosteel Armor  
  43  6:27  SCV  
  43  6:31  Widow Mine  
  46  6:33  SCV  
  46  6:39  SCV  
  48  6:43  Drilling Claws  
  48  6:45  SCV, Terran Vehicle Weapons Level 1  
  49  6:51  SCV  
  50  6:57  SCV  
  51  7:02  Factory  
  51  7:04  SCV, Factory x2  
  52  7:08  Widow Mine  
  52  7:10  SCV  
  53  7:24  SCV x2  
  55  7:41  SCV x2  
  57  7:45  Command Center  
  57  7:51  Factory Reactor  
  57  7:52  Factory Tech Lab x2  
  57  7:53  SCV x2  
  57  7:54  Siege Tank  
  62  8:15  Supply Depot  
  62  8:16  Supply Depot x2  
  62  8:19  Supply Depot  
  62  8:21  Supply Depot  
  62  8:22  Supply Depot  
  62  8:25  Supply Depot  
  62  8:31  Refinery  
  62  8:37  Siege Tank  
  65  8:50  Supply Depot  
  65  8:53  Supply Depot, Missile Turret  
  65  8:59  Missile Turret  
  65  9:00  Missile Turret  
  65  9:02  Orbital Command  
  65  9:06  Refinery  
  65  9:14  Thor x3, Refinery  
  83  9:20  Terran Vehicle And Ship Armor Level 1  
  83  9:30  Command Center  
  83  9:36  Widow Mine x2  
  87  9:48  Factory  
  87  9:49  Armory  
  87  9:55  SCV  
  87  9:56  SCV x2  
  87  9:57  Widow Mine  
  87  9:58  Supply Depot  
  92  10:13  Widow Mine x4  
  100  10:19  Widow Mine  
  102  10:22  Supply Depot  
  102  10:39  Thor x2  
  114  10:46  Planetary Fortress  
  93  11:43  SCV  
  93  11:45  SCV x3  
  97  11:53  Terran Vehicle And Ship Armor Level 2  
  97  11:54  Terran Vehicle Weapons Level 2  
  97  11:55  SCV  
  97  11:57  SCV x3  
  101  12:07  SCV  
  102  12:36  Thor x2  
  102  12:37  Thor  
  114  12:38  Factory Tech Lab  
  114  12:41  Hellion x2  
  108  13:07  Refinery  
  106  13:15  Thor  
  106  13:18  Widow Mine x2  
  106  13:19  Thor x3  
  128  13:26  Supply Depot  
  134  13:27  Supply Depot  
  134  13:30  Supply Depot  
  134  13:32  Supply Depot x2  
  134  13:37  Supply Depot  
  134  13:39  Widow Mine x2  
  138  13:54  Supply Depot  
  138  13:58  Thor  
  138  14:01  Widow Mine  
  138  14:02  Thor x3  
  109  14:41  Thor, Widow Mine x2  
  109  14:45  Thor x3  
  136  15:02  Widow Mine x2  
  140  15:24  Thor, Widow Mine x2  
  140  15:27  Thor  
  140  15:28  Thor x2  
  168  15:45  Widow Mine  
Show
View Real Time Build Order
Export as new Build Order

Boit Terran - Winner!

Build Orders: 2 Factory 

Get SALT Encoding   

  12  0:00  SCV  
  13  0:12  SCV  
  14  0:24  SCV  
  15  0:30  Supply Depot  
  15  0:33  Refinery  
  15  0:52  SCV  
  15  0:53  Barracks  
  16  1:04  SCV  
  17  1:16  SCV  
  18  1:28  SCV  
  19  1:40  SCV  
  19  1:46  Supply Depot  
  20  1:55  Marine  
  20  2:00  Command Center  
  21  2:04  Orbital Command  
  21  2:13  Marine  
  22  2:17  Factory  
  22  2:30  Marine  
  22  2:32  Refinery  
  22  2:33  SCV  
  24  2:45  SCV  
  24  2:48  Marine  
  26  2:57  SCV  
  27  3:02  Factory Tech Lab  
  27  3:06  Marine  
  27  3:11  Engineering Bay  
  28  3:19  Factory  
  28  3:20  Orbital Command, Refinery  
  28  3:24  Siege Tank, Marine  
  32  3:42  Marine  
  33  3:55  Missile Turret  
  33  4:00  Marine  
  34  4:05  Siege Tank  
  34  4:07  Factory Tech Lab  
  34  4:09  SCV x2, Sensor Tower  
  39  4:17  Marine  
  39  4:21  SCV  
  41  4:25  Missile Turret  
  41  4:26  Hi-Sec Auto Tracking  
  41  4:31  Siege Tank  
  44  4:38  SCV  
  44  4:39  SCV  
  46  4:56  Supply Depot  
  46  5:00  Supply Depot  
  46  5:07  SCV x2  
  48  5:18  Missile Turret  
  48  5:22  Marine  
  49  5:39  Widow Mine x2  
  49  5:40  Marine  
  54  5:58  Marine, Missile Turret  
  54  6:00  Widow Mine x2  
  54  6:01  Missile Turret x2  
  54  6:02  SCV x2  
  54  6:04  Missile Turret  
  61  6:14  SCV  
  61  6:15  SCV  
  61  6:16  Marine  
  64  6:21  Widow Mine x2  
  68  6:26  SCV  
  68  6:27  SCV  
  68  6:28  Missile Turret  
  70  6:38  Marine  
  70  6:39  SCV  
  70  6:51  Supply Depot  
  70  6:54  Supply Depot  
  70  7:02  Starport  
  70  7:04  Starport  
  70  7:13  Widow Mine x2  
  70  7:15  Supply Depot  
  74  7:16  Supply Depot  
  74  7:35  Widow Mine  
  74  7:36  SCV x2  
  78  7:41  Supply Depot x2  
  78  7:45  Missile Turret, Command Center  
  78  7:46  Starport Tech Lab  
  78  7:47  Starport Tech Lab  
  78  7:48  SCV x2  
  80  7:52  Starport  
  80  8:00  SCV x2, Refinery  
  80  8:05  Supply Depot, Armory  
  82  8:09  Supply Depot  
  82  8:10  Missile Turret  
  82  8:29  Missile Turret  
  82  8:30  Supply Depot  
  82  8:39  Missile Turret  
  82  8:40  Viking x2  
  86  8:47  Starport Tech Lab  
  86  8:54  Supply Depot  
  86  8:55  Starport  
  86  8:59  Missile Turret  
  86  9:04  Factory  
  76  9:10  Viking x2  
  76  9:14  Viking  
  81  9:19  Refinery  
  81  9:22  Supply Depot  
  81  9:26  Supply Depot  
  81  9:34  Planetary Fortress  
  81  9:40  Missile Turret, Viking x2  
  81  9:44  Viking  
  81  9:45  Supply Depot  
  87  9:50  Supply Depot, Factory Tech Lab  
  87  9:53  Starport Tech Lab  
  87  9:56  Terran Vehicle Weapons Level 1  
  87  10:02  Missile Turret  
  87  10:09  Supply Depot  
  87  10:10  Viking x2  
  87  10:12  Armory  
  91  10:14  Supply Depot, Armory  
  91  10:17  Siege Tank x3  
  100  10:36  Supply Depot  
  100  10:48  Neosteel Armor  
  100  11:00  Supply Depot  
  100  11:01  Siege Tank x2  
  100  11:02  Siege Tank  
  109  11:33  Siege Tank  
  109  11:34  Siege Tank x2  
  109  11:35  Fusion Core  
  109  11:36  Drilling Claws  
  118  11:48  Terran Vehicle And Ship Armor Level 1, Terran Ship Weapons Level 1  
  118  12:14  SCV x2  
  120  12:26  SCV x2  
  122  12:37  Weapon Refit  
  122  12:38  SCV x2  
  122  12:40  Supply Depot  
  124  12:49  Command Center  
  124  12:52  Missile Turret  
  124  12:55  Refinery  
  124  13:05  Supply Depot  
  124  13:08  Viking x2  
  128  13:13  Missile Turret  
  128  13:28  Supply Depot  
  125  13:34  Missile Turret  
  104  13:52  Missile Turret  
  104  13:54  Missile Turret  
  94  14:14  Missile Turret  
  94  14:22  Viking x2  
  94  14:23  Viking x2  
  100  14:34  Missile Turret  
  94  14:52  Viking x2  
  94  14:53  Viking x2  
  102  15:02  Missile Turret  
  102  15:22  Viking  
  102  15:24  Missile Turret  
  102  15:27  Planetary Fortress  
  104  16:00  SCV x3  
  107  16:12  SCV x2  
  107  16:13  SCV  
Show
View Real Time Build Order
Export as new Build Order

Nyck Terran 

Build Orders:  

Get SALT Encoding   

  12  0:00  SCV  
  13  0:12  SCV  
  14  0:19  Supply Depot  
  14  0:24  SCV  
  15  0:41  SCV  
  16  0:44  Barracks  
  16  0:47  Refinery  
  16  0:53  SCV  
  17  1:05  SCV  
  18  1:30  Orbital Command  
  18  1:35  Marine  
  19  1:51  Command Center  
  19  1:56  SCV, Marine  
  21  2:11  SCV  
  21  2:14  Supply Depot, Marine  
  23  2:24  Refinery  
  23  2:28  Factory  
  23  2:36  SCV  
  24  2:43  Supply Depot  
  24  2:48  SCV  
  25  2:55  Barracks Tech Lab  
  25  3:13  Starport  
  25  3:14  Factory Tech Lab  
  25  3:18  Starport  
  25  3:25  Armory  
  25  3:27  SCV  
  26  3:30  Orbital Command  
  26  3:39  SCV  
  27  3:48  Refinery  
  27  3:49  Refinery  
  27  3:51  SCV  
  28  3:56  SCV  
  29  4:03  SCV  
  29  4:09  SCV  
  31  4:13  Fusion Core  
  31  4:15  SCV, Armory  
  31  4:16  Terran Vehicle And Ship Armor Level 1  
  32  4:21  SCV  
  33  4:28  SCV  
  34  4:33  SCV  
  34  4:38  Banshee  
  38  4:39  Banshee  
  41  4:51  SCV x2  
  43  5:04  Weapon Refit  
  43  5:08  Terran Ship Weapons Level 1  
  43  5:11  SCV x2  
  45  5:23  SCV  
  45  5:24  SCV  
  47  5:44  SCV  
  47  5:45  SCV  
  49  6:03  SCV x2  
  51  6:12  Cloaking Field  
  51  6:24  Starport  
  51  6:25  Starport  
  51  6:31  Command Center  
  51  6:38  SCV  
  51  6:39  SCV  
  53  6:47  Terran Vehicle And Ship Armor Level 2  
  53  6:49  Factory Tech Lab  
  53  6:54  SCV  
  54  6:59  Supply Depot  
  54  7:04  Starport  
  54  7:05  Starport Tech Lab x2  
  54  7:10  Starport  
  54  7:13  Terran Ship Weapons Level 2  
  54  7:20  SCV  
  54  7:21  Battlecruiser  
  61  7:24  Supply Depot  
  61  7:42  Battlecruiser  
  61  7:44  Refinery  
  67  7:45  Starport Tech Lab  
  67  7:53  SCV x2  
  67  7:55  SCV  
  70  8:08  SCV  
  70  8:12  SCV x2  
  73  8:20  SCV  
  73  8:21  Battlecruiser, Refinery  
  80  8:31  Battlecruiser  
  80  8:32  Orbital Command  
  86  8:48  Orbital Command  
  83  9:10  Battlecruiser  
  89  9:25  SCV  
  90  9:33  Refinery  
  90  9:37  SCV  
  91  9:39  Terran Vehicle And Ship Armor Level 3  
  91  9:47  Terran Ship Weapons Level 3  
  91  9:49  SCV  
  92  10:01  SCV  
  93  10:17  Supply Depot  
  93  10:25  Supply Depot  
  93  10:38  SCV, Battlecruiser  
  93  10:39  Supply Depot  
  100  10:47  Battlecruiser  
  100  10:48  Command Center  
  106  10:50  Supply Depot  
  106  10:52  SCV x3  
  109  11:01  Battlecruiser  
  109  11:02  Supply Depot  
  115  11:12  Battlecruiser  
  121  11:21  SCV x2  
  121  11:23  Battlecruiser  
  121  11:25  Supply Depot  
  129  11:30  SCV  
  130  11:47  Battlecruiser  
  136  11:48  Supply Depot  
  136  11:57  SCV x2  
  136  11:58  SCV  
  139  12:01  Battlecruiser  
  139  12:07  Battlecruiser  
  151  12:16  SCV x3  
  154  12:25  Battlecruiser  
  160  12:35  SCV x3  
  163  13:06  Battlecruiser  
  163  13:07  Battlecruiser  
  168  13:19  Battlecruiser  
  164  13:22  SCV  
  162  13:34  SCV  
  163  13:46  SCV  
  164  13:58  SCV  
  141  14:10  SCV  
  112  14:37  Battlecruiser x3  
  124  15:01  SCV, Refinery  
  124  15:03  Refinery  
  124  15:06  Battlecruiser  
  131  15:13  SCV  
  126  15:25  SCV  
  127  15:37  SCV  
  128  15:49  SCV  
  86  16:11  Orbital Command  
Show
View Real Time Build Order
Export as new Build Order

Ekelpack Zerg 

Build Orders: Pool First, Brood Lord Corruptor 

Get SALT Encoding   

  12  0:00  Drone  
  13  0:08  Drone  
  14  0:17  Overlord  
  14  0:35  Drone x3  
  17  0:45  Spawning Pool  
  17  0:49  Drone  
  17  0:57  Drone  
  17  1:01  Extractor  
  17  1:09  Drone  
  18  1:35  Queen  
  20  1:43  Zergling x4  
  20  1:45  Overlord  
  22  2:18  Lair  
  22  2:19  Drone x3  
  25  2:29  Extractor  
  24  2:41  Hatchery  
  23  2:45  Zergling x4  
  23  2:48  Overlord  
  23  2:49  Zergling x4  
  27  2:55  Zergling x2  
  28  3:24  Drone x3, Spire  
  28  3:25  Drone x2  
  32  3:34  Metabolic Boost  
  32  3:41  Extractor x2  
  30  3:55  Drone, Queen  
  30  3:57  Overlord  
  33  4:07  Drone x2  
  33  4:08  Drone  
  36  4:12  Drone  
  37  4:20  Drone  
  37  4:21  Overlord  
  38  4:35  Mutalisk x2  
  38  4:36  Mutalisk x2  
  46  4:42  Drone  
  46  4:44  Drone  
  48  5:06  Mutalisk x2  
  50  5:08  Drone x5  
  57  6:05  Mutalisk  
  57  6:07  Overlord x3  
  59  6:18  Zerg Flyer Weapons Level 1  
  59  6:32  Mutalisk x2  
  55  6:33  Mutalisk x3  
  55  6:34  Zergling x8  
  69  6:43  Hatchery  
  69  6:45  Zergling x2  
  69  6:46  Zergling x8  
  71  7:16  Infestation Pit  
  70  7:27  Overlord x2  
  70  7:46  Queen  
  70  7:48  Overlord  
  70  7:50  Zergling x2, Overlord  
  70  7:51  Zergling x10  
  76  7:55  Drone  
  79  8:04  Drone  
  80  8:07  Hive  
  80  8:08  Drone  
  80  8:12  Drone  
  82  8:23  Drone x2  
  82  8:24  Drone  
  85  8:31  Drone x2  
  87  8:34  Extractor  
  87  8:36  Extractor  
  85  8:41  Corruptor x3  
  85  8:42  Corruptor x2  
  88  9:19  Greater Spire  
  88  9:20  Corruptor x3  
  94  9:27  Drone  
  94  9:30  Overlord x2  
  94  9:31  Overlord  
  95  9:41  Zergling x6  
  95  9:42  Zergling x12  
  95  9:43  Zergling x2  
  95  9:44  Adrenal Glands  
  95  9:45  Overlord x2  
  105  9:50  Hatchery  
  104  10:05  Zergling x6, Overlord  
  104  10:06  Drone, Overlord  
  108  10:29  Drone x5  
  113  10:38  Evolution Chamber  
  113  10:40  Evolution Chamber  
  113  10:41  Brood Lord x4  
  113  10:42  Brood Lord x2  
  123  10:50  Zerg Flyer Weapons Level 2  
  123  10:52  Zergling x8  
  123  10:53  Zergling x6, Overlord x2  
  88  11:32  Corruptor x2  
  83  11:33  Corruptor x2  
  62  11:43  Corruptor x2  
  70  11:49  Pneumatized Carapace  
  59  12:26  Overseer  
  58  12:44  Brood Lord x4  
  58  12:45  Brood Lord  
  68  13:08  Hatchery  
  62  13:16  Corruptor x3  
  59  13:53  Corruptor x3  
  59  13:54  Corruptor  
  63  14:06  Zergling x2  
  63  14:07  Zergling x6  
  55  14:59  Extractor  
  52  15:19  Overseer  
  52  15:57  Hydralisk Den  
Tags
 
Add a new tag
Caveats
  • Supply blocks, unpowered buildings, or Contaminate may cause inaccurate times.
  • Supply counts are checked every 10 seconds.